 Dungeon Crawl Stone Soup version 0.28.0-53-g5a82cb258f (webtiles) character file.

Game seed: 1624905607935523815

12250 cbfl8 the Cleaver (level 11, -6/100 HPs)
             Began as a Hill Orc Fighter on July 31, 2022.
             Was a Believer of Beogh.
             Mangled by a boulder beetle (13 damage)
             ... on level 11 of the Dungeon.
             The game lasted 00:23:03 (16493 turns).

cbfl8 the Cleaver (Hill Orc Fighter)               Turns: 16493, Time: 00:23:05

Health: -6/100     AC: 16    Str: 22    XL:     11   Next: 90%
Magic:  11/11      EV:  8    Int:  8    God:    Beogh [**....]
Gold:   624        SH:  5    Dex: 14    Spells: 10/10 levels left

rFire   . . .      SeeInvis .   a - +0 war axe (protect)
rCold   . . .      Faith    .   c - +0 buckler
rNeg    . . .      Spirit   .   o - +0 plate armour
rPois   +          Reflect  .   (no helmet)
rElec   .          Harm     .   s - +0 cloak
rCorr   .          Rampage  .   (no gloves)
Will    .....                   z - +0 pair of boots
Stlth   ..........              q - amulet of the acrobat
HPRegen 0.26/turn               B - +4 ring of slaying
MPRegen 0.12/turn               G - ring of poison resistance

@: no status effects
A: agile 1
a: Renounce Religion, Smiting


You were on level 11 of the Dungeon.
You worshipped Beogh.
Beogh was pleased with you.
You visited 1 branch of the dungeon, and saw 11 of its levels.

You collected 624 gold pieces.

Inventory:

Hand Weapons
 a - a +0 war axe of protection (weapon)
 A - the +3 mace of Bodily Harmony {venom, rC+ rCorr Str-2}
   (You found it on level 9 of the Dungeon)

   It poisons the flesh of those it strikes.
   Str:       It affects your strength (-2).
   rC:        It protects you from cold.
   rCorr:     It protects you from acid and corrosion.
Missiles
 I - a throwing net
Armour
 c - a +0 buckler (worn)
 l - a scarf of invisibility
 o - a +0 plate armour (worn)
 s - a +0 cloak (worn)
 z - a +0 pair of boots (worn)
Jewellery
 q - an amulet of the acrobat (around neck)
 B - a +4 ring of slaying (left hand)
 E - a ring of ice
 F - a ring of resist corrosion
 G - a ring of poison resistance (right hand)
Wands
 b - a wand of digging (5)
Scrolls
 d - 6 scrolls of enchant armour
 g - a scroll of fear
 j - 2 scrolls of silence
 k - 4 scrolls of teleportation {unknown}
 m - 2 scrolls of amnesia {unknown}
 r - a scroll of brand weapon
 t - 2 scrolls of fog
 u - 3 scrolls of holy word
 v - 2 scrolls of enchant weapon {unknown}
 w - 2 scrolls of noise {unknown}
 y - 2 scrolls of vulnerability
 C - 2 scrolls of immolation {unknown}
 K - a scroll of magic mapping {unknown}
Potions
 e - 2 potions of mutation
 f - 6 potions of attraction
 i - a potion of magic {unknown}
 n - 4 potions of ambrosia
 p - a potion of lignification {unknown}
 x - a potion of flight {unknown}
 H - 2 potions of haste


   Skills:
 * Level 10.2 Fighting
 + Level 12.3 Axes
 + Level 8.0 Armour
 * Level 5.6 Dodging
 * Level 6.0 Stealth
 + Level 5.4 Shields
 + Level 0.4 Invocations
 * Level 6.9 Evocations


You had 10 spell levels left.
You didn't know any spells.
Your spell library contained the following spells:

 Spells                   Type           Power      Damage    Failure   Level
 Magic Dart               Conj           0%         1d3       100%        1
 Shock                    Conj/Air       0%         1d3       100%        1
 Call Imp                 Summ           0%         N/A       100%        2
 Corpse Rot               Necr/Air       0%         N/A       100%        2
 Poisonous Vapours        Pois/Air       0%         N/A       100%        2
 Gell's Gravitas          Tloc           0%         N/A       100%        3
 Lesser Beckoning         Tloc           0%         N/A       100%        3
 Mephitic Cloud           Conj/Pois/Air  0%         N/A       100%        3
 Swiftness                Air            0%         N/A       100%        3
 Teleport Other           Tloc           0%         N/A       100%        3
 Airstrike                Air            0%         N/A       100%        4
 Hailstorm                Conj/Ice       0%         3d3       100%        4
 Ice Form                 Ice/Tmut       0%         N/A       100%        4
 Fireball                 Conj/Fire      0%         3d3       100%        5
 Iskenderun's Battlesphe  Conj           0%         2d6       100%        5
 Conjure Ball Lightning   Conj/Air       0%         3x3d6     100%        6
 Simulacrum               Ice/Necr       0%         N/A       100%        6
 Orb of Destruction       Conj           0%         9d5       100%        7


Dungeon Overview and Level Annotations

Branches:
Dungeon (11/15)            Temple (0/1) D:6            Lair (0/6) D:8
    Orc (0/2) D:11

Altars:
Ashenzari
Dithmenos
Elyvilon
Fedhas
Gozag
Kikubaaqudgha
Nemelex Xobeh
Okawaru
Ru
Sif Muna
Trog
Wu Jian
Zin

Shops:
D:2 (


Innate Abilities, Weirdness & Mutations

You are agile. (Dex +2)


Message History

The puff of flame hits the boulder beetle.
The boulder beetle is severely wounded.
Aiming: Throw Flame
Press: ? - help, Q - select action, (/) - cycle Shift-Dir - straight line, f/p - boulder beetle
Aim: a boulder beetle (severely wounded, 100% to hit)
The puff of flame hits the boulder beetle.
The boulder beetle is severely wounded.
The boulder beetle curls into a ball and begins rolling!
Aiming: Throw Flame
Press: ? - help, Q - select action, (/) - cycle Shift-Dir - straight line, f/p - boulder beetle
Aim: a boulder beetle (severely wounded, rolling, 100% to hit)
The puff of flame hits the boulder beetle.
The boulder beetle is almost dead.
Unknown command.
Aiming: Throw Flame
Press: ? - help, Q - select action, (/) - cycle Shift-Dir - straight line, f/p - boulder beetle
Aim: a boulder beetle (almost dead, rolling, 100% to hit)
The puff of flame hits the boulder beetle but does no damage.
The boulder beetle is almost dead.
Aiming: Throw Flame
Press: ? - help, Q - select action, (/) - cycle Shift-Dir - straight line, f/p - boulder beetle
Aim: a boulder beetle (almost dead, rolling, 100% to hit)
The puff of flame hits the boulder beetle but does no damage.
The boulder beetle is almost dead.
Aiming: Throw Flame
Press: ? - help, Q - select action, (/) - cycle Shift-Dir - straight line, f/p - boulder beetle
Aim: a boulder beetle (almost dead, rolling, 100% to hit)
The puff of flame hits the boulder beetle.
The boulder beetle is almost dead.
The boulder beetle hits you!!!
Ouch! That really hurt!
* * * LOW HITPOINT WARNING * * *
The boulder beetle stops rolling and uncurls.
Aiming: Throw Flame
Press: ? - help, Q - select action, (/) - cycle Shift-Dir - straight line, p - boulder beetle The puff of flame hits the boulder beetle.
The boulder beetle is almost dead.
The now-empty wand crumbles to dust.
The boulder beetle bites you!
You die...

..####'##.....#......#
........#.....#...^..#
........#.....+......#
........#.....#......#
..##'####....>#......#
###...........#....###
....).........#....###..
..............#.B........
..............#.@........
..............#..........
..............#....###...
..............###### ...
#####+###.....# ..
+.....# #.....#
#.....##+##
#............#


You could see a boulder beetle.

Vanquished Creatures
  Harold (D:7)
  A two-headed ogre (D:11)
  Erica (D:8)
  Pikel (D:4)
  An ugly thing (D:11)
  A manticore (D:11)
  Joseph (D:8)
  2 gargoyles
  4 komodo dragons
  2 trolls (D:9)
  Prince Ribbit (D:7)
  A meliai zombie (D:11)
  A wraith (D:10)
  Sigmund (D:5)
  A shadow (D:11)
  2 vampires (D:10)
  Grum (D:8)
  15 yaks
  An acid dragon (D:8)
  2 water moccasins
  3 orc warriors
  A sky beast (D:7)
  An ogre (D:4)
  4 wolves (D:8)
  6 centaurs
  A lemure (D:4)
  4 bullfrogs
  2 kobold brigands
  A wyvern zombie (D:7)
  A scorpion (D:6)
  6 killer bees
  3 howler monkeys (D:10)
  2 bullfrog zombies
  5 centaur zombies
  2 jellies
  3 hounds
  A gnoll shaman (D:6)
  Crazy Yiuf (D:2)
  4 orc priests
  Natasha (twice) (D:2)
  2 iguanas
  5 orc wizards
  A killer bee zombie (D:9)
  7 gnolls
  3 adders
  A shadow imp (D:7)
  A worm (D:3)
  4 dart slugs
  25 orcs
  4 ball pythons
  11 endoplasms
  4 giant cockroaches
  11 goblins
  10 hobgoblins
  6 jackals
  19 kobolds
  5 quokkas
  7 bats
  2 frilled lizards (D:2)
  7 rats
229 creatures vanquished.

Vanquished Creatures (others)
  10 plants (D:8)
10 creatures vanquished.

Grand Total: 239 creatures vanquished

Notes
Turn   | Place    | Note
-------+----------+-------------------------------------------
     0 | D:1      | cbfl8 the Hill Orc Fighter began the quest for the Orb.
     0 | D:1      | Reached XP level 1. HP: 19/19 MP: 1/1
   137 | D:1      | Reached XP level 2. HP: 24/27 MP: 2/2
   179 | D:1      | Reached skill level 3 in Axes
   691 | D:1      | Reached XP level 3. HP: 28/33 MP: 3/3
   900 | D:1      | Found a faded altar of an unknown god.
  1625 | D:2      | Found a runed translucent door.
  1626 | D:2      | Noticed Crazy Yiuf
  1670 | D:2      | Found a bloodstained altar of Trog.
  1687 | D:2      | Found Ihontan's Antique Weapon Emporium.
  1702 | D:2      | Reached XP level 4. HP: 36/41 MP: 4/4
  2039 | D:2      | Noticed Natasha
  2048 | D:2      | Killed Natasha
  2153 | D:2      | Reached skill level 5 in Fighting
  2235 | D:2      | Reached XP level 5. HP: 43/48 MP: 5/5
  2235 | D:2      | Noticed Natasha
  2242 | D:2      | Killed Natasha
  2243 | D:2      | Reached skill level 1 in Evocations
  2306 | D:2      | Reached skill level 1 in Stealth
  2385 | D:2      | Killed Crazy Yiuf
  2386 | D:2      | Reached skill level 1 in Dodging
  2572 | D:3      | Reached skill level 4 in Axes
  2786 | D:3      | Reached XP level 6. HP: 30/56 MP: 6/6
  3959 | D:4      | Found a sparkling altar of Nemelex Xobeh.
  4017 | D:4      | Noticed Pikel
  4031 | D:4      | Killed Pikel
  4032 | D:4      | Reached skill level 6 in Axes
  4032 | D:4      | Reached XP level 7. HP: 31/63 MP: 7/7
  4318 | D:4      | Found a shimmering blue altar of Sif Muna.
  4465 | D:4      | Found a broken altar of Ashenzari.
  4512 | D:4      | Reached XP level 8. HP: 44/70 MP: 8/8
  4652 | D:4      | Found a glowing silver altar of Zin.
  4652 | D:4      | Found an opulent altar of Gozag.
  4766 | D:5      | Entered Level 5 of the Dungeon
  4772 | D:5      | Found a bloodstained altar of Trog.
  4777 | D:5      | Noticed Sigmund
  4797 | D:5      | Killed Sigmund
  4802 | D:5      | Reached skill level 7 in Axes
  5458 | D:5      | Found an ornate altar of the Wu Jian Council.
  6122 | D:6      | Found a white marble altar of Elyvilon.
  7184 | D:6      | Reached skill level 8 in Axes
  7185 | D:6      | Reached XP level 9. HP: 78/78 MP: 9/9
  7248 | D:6      | Became a worshipper of Beogh the Brigand
  7266 | D:6      | Found a staircase to the Ecumenical Temple.
  7357 | D:6      | Found an iron altar of Okawaru.
  7861 | D:7      | Found a shadowy altar of Dithmenos.
  7893 | D:7      | Noticed Prince Ribbit
  7900 | D:7      | Killed Prince Ribbit
  7901 | D:7      | Reached skill level 5 in Armour
  7973 | D:7      | Reached skill level 9 in Axes
  8445 | D:7      | Noticed Harold
  8464 | D:7      | Killed Harold
  9171 | D:8      | Noticed a komodo dragon
  9177 | D:8      | Killed a komodo dragon
  9178 | D:8      | Reached XP level 10. HP: 40/88 MP: 10/10
  9490 | D:8      | Reached skill level 10 in Axes
  9543 | D:8      | Noticed Erica
  9551 | D:8      | Killed Erica
  9552 | D:8      | Reached skill level 5 in Evocations
 10158 | D:8      | Noticed Joseph
 10235 | D:8      | Reached * piety under Beogh
 10277 | D:8      | Noticed Grum
 10296 | D:8      | Killed Grum
 10610 | D:8      | Killed Joseph
 10762 | D:8      | Found a staircase to the Lair.
 11139 | D:9      | Reached skill level 5 in Stealth
 11431 | D:9      | Found a blossoming altar of Fedhas.
 11589 | D:9      | Reached skill level 11 in Axes
 11600 | D:9      | Found a sacrificial altar of Ru.
 11603 | D:9      | Reached skill level 5 in Dodging
 11603 | D:9      | Reached XP level 11. HP: 96/97 MP: 11/11
 11659 | D:9      | Identified the +3 mace of Bodily Harmony {venom, rC+ rCorr
                  | Str-2}
 12159 | D:9      | Reached skill level 5 in Shields
 12206 | D:9      | Reached ** piety under Beogh
 12566 | D:10     | Entered Level 10 of the Dungeon
 12614 | D:10     | Gained mutation: You are agile. (Dex +2) [potion of
                  | mutation]
 13673 | D:10     | Found an ancient bone altar of Kikubaaqudgha.
 14834 | D:11     | Reached skill level 10 in Fighting
 15127 | D:11     | Reached skill level 12 in Axes
 15452 | D:11     | Found a staircase to the Orcish Mines.
 15474 | D:11     | Noticed a two-headed ogre
 15488 | D:11     | Killed a two-headed ogre
 15797 | D:11     | Noticed a manticore
 15815 | D:11     | Killed a manticore
 16223 | D:11     | Noticed a white ugly thing
 16246 | D:11     | Killed a white ugly thing
 16457 | D:11     | Noticed a boulder beetle
 16493 | D:11     | Mangled by a boulder beetle

Illustrated notes

Levels and vault maps discovered:
D:1:      erik_arrival_orb_chamber, layout_basic,
          shapermc_ecumenical_altar_starsandcircs, minmay_crystal_water,
          hangedman_decor_clover_reticule, minmay_heptomino_w4
D:2:      wander_river, layout_rooms, serial_shops, nicolae_shop_hallway_stairs,
          kennysheep_flooded_box, grunt_ministairs_14, kennysheep_donut,
          minmay_misc_feat_doors, uniq_natasha, uniq_crazy_yiuf_cottage
D:3:      layout_loops_ring
D:4:      layout_loops_ring, grunt_temple_overflow_gold_and_silver,
          mainiacjoe_overflow_six_doors_small, nicolae_sif_muna_little_library,
          lemuel_round_altar, minmay_ogre_servants, uniq_pikel
D:5:      layout_loops_ring, bloody_trog, nzn_wu_jian_council_hall, uniq_sigmund
D:6:      layout_rooms, mainiacjoe_overflow_surrounded_room,
          mainiacjoe_overflow_cross_hatched, minmay_temple_entry_antechambers
D:7:      layout_cave_pods, nicolae_dithmenos_through_a_glass_darkly,
          uniq_harold, uniq_prince_ribbit1
D:8:      layout_rooms, david_lair_shrubbed, uniq_grum, uniq_joseph, uniq_erica
D:9:      kennysheep_spiral_hall, layout_stronghold, fedhas_altar_1,
          mainiacjoe_overflow_concentric_impassable, minmay_misc_feat_diagonals
D:10:     layout_roguey, lemuel_crystal_altar
D:11:     layout_gridville, orc_0_dummy

Skill      XL: |  1  2  3  4  5  6  7  8  9 10 11 |
---------------+----------------------------------+-----
Fighting       | 4 5 6 8 9 10 | 10.2
Axes           | 3 4 6 8 9 11 12 | 12.3
Evocations     | 1 2 3 4 6 |  6.9
Stealth        | 1 2 3 4 5 6 |  6.0
Dodging        | 1 2 3 4 5 |  5.6
Armour         | 4 5 6 8 |  8.0
Shields        | 4 5 |  5.4
Invocations    | |  0.4

Action                   |  1- 3 |  4- 6 |  7- 9 | 10-12 || total
-------------------------+-------+-------+-------+-------++-------
Melee: War axe           |    91 |   201 |   231 |   396 ||   919
       Unarmed           |       |     5 |       |       ||     5
Invok: Convert to Beogh  |       |       |     1 |       ||     1
       Smiting           |       |       |       |     1 ||     1
Evoke: Wand              |       |       |     4 |    16 ||    20
  Use: Scroll            |       |       |     8 |    10 ||    18
       Potion            |       |       |     3 |    10 ||    13
Armor: Scale mail        |    51 |       |       |       ||    51
       Plate armour      |     8 |   138 |   170 |   283 ||   599
Dodge: Dodged            |    46 |    68 |    70 |   187 ||   371
Block: Buckler           |    24 |    43 |    53 |    85 ||   205
